 Dungeon Crawl Stone Soup version 0.21.1-1-g345015f (webtiles) character file.

154 Mirai the Sneak (level 5, 0/38 HPs)
             Began as a Vampire Assassin on Mar 16, 2018.
             Slain by a worm (6 damage)
             ... on level 3 of the Dungeon.
             The game lasted 00:04:41 (1527 turns).

Mirai the Sneak (Vampire Assassin)                  Turns: 1527, Time: 00:04:42

Health: 0/38       AC:  5    Str: 10    XL:     5   Next: 13%
Magic:  5/5        EV: 12    Int: 13    God:
Gold:   119        SH:  4    Dex: 17    Spells: 4/4 levels left

rFire    . . .     SeeInvis +   a - +2 dagger
rCold    . . .     Gourm    .   s - +0 buckler
rNeg     . . .     Faith    .   r - +1 robe {MR+}
rPois    .         Spirit   .   (no helmet)
rElec    .         Reflect  .   d - +0 cloak
rCorr    .         Harm     .   (no gloves)
MR       +....                  m - +0 pair of boots
Stlth    ++++......             (no amulet)
HPRegen  0.32/turn              (no ring)
MPRegen  0.09/turn              (no ring)

@: regenerating quickly
A: fangs 3, see invisible, unbreathing
a: no special abilities


You were on level 3 of the Dungeon.
You were full.

You visited 1 branch of the dungeon, and saw 3 of its levels.

You collected 119 gold pieces.

Inventory:

Hand Weapons
 a - a +2 dagger (weapon)
 b - a +0 blowgun
 u - a +0 dagger
Missiles
 e - 20 poisoned needles
 f - 2 curare-tipped needles
Armour
 c - a +0 robe
 d - a +0 cloak (worn)
 i - a +0 robe
 m - a +0 pair of boots (worn)
 r - a +1 robe of magic resistance (worn)
 s - a +0 buckler (worn)
Scrolls
 j - 3 scrolls of identify {unknown}
 l - a scroll of random uselessness {unknown}
 p - 2 scrolls of remove curse {unknown}
 q - a scroll of magic mapping {unknown}
 t - a scroll of enchant weapon {unknown}
 x - 3 scrolls of enchant armour {unknown}
Potions
 g - 5 potions of blood
 h - 2 potions of heal wounds {unknown}
 k - a potion of invisibility
 n - a potion of brilliance {unknown}
 v - a potion of haste {unknown}
 w - a potion of curing {unknown}
Comestibles
 o - 3 rations


   Skills:
 * Level 2.3 Fighting
 + Level 2.9 Short Blades
 - Level 1.5 Throwing
 * Level 2.6 Dodging
 * Level 7.9 Stealth
 * Level 0.9 Shields


You had 4 spell levels left.
You didn't know any spells.

Dungeon Overview and Level Annotations

Branches:
Dungeon (3/15)

Altars:
Elyvilon
Zin
The Shining One


Innate Abilities, Weirdness & Mutations

Your natural rate of healing is unusually fast.
You have razor-sharp teeth.
You have supernaturally acute eyesight. (SInv)
You can survive without breathing.


Message History

You kill the orc!
The orc wizard points at you and mumbles some strange words.
The magic dart hits you!
* * * LOW HITPOINT WARNING * * *
You hit the worm.
The worm is heavily wounded.
You hit the worm. Your bite misses the worm.
The worm is heavily wounded.
You block the worm's attack.
You hit the worm.
The worm is heavily wounded.
You hit the worm.
The worm is severely wounded.
The worm closely misses you.
You hit the worm.
The worm is severely wounded.
You hit the worm.
The worm is almost dead.
The worm bites you.
You die...

###########
#.....)@wo#
#.#######.#
#......<#.#
#########.#
........#
######..#
#..# ....#
..###.#


You could see a worm and an orc wizard.

Vanquished Creatures
  2 orc wizards (D:3)
  Jessica (D:2)
  An adder (D:2)
  3 dart slugs
  5 leopard geckos
  5 orcs (D:3)
  3 bats
  3 giant cockroaches
  6 goblins
  5 hobgoblins
  5 jackals
  2 frilled lizards (D:2)
  4 rats
45 creatures vanquished.

Notes
Turn   | Place    | Note
-------+----------+-------------------------------------------
     0 | D:1      | Mirai the Vampire Assassin began the quest for the Orb.
     0 | D:1      | Reached XP level 1. HP: 16/16 MP: 1/1
    25 | D:1      | Reached skill level 6 in Stealth
   146 | D:1      | Reached XP level 2. HP: 5/22 MP: 2/2
   792 | D:2      | Noticed Jessica
   815 | D:2      | Killed Jessica
   815 | D:2      | Reached skill level 7 in Stealth
   815 | D:2      | Reached XP level 3. HP: 7/27 MP: 3/3
  1044 | D:2      | Reached XP level 4. HP: 24/33 MP: 4/4
  1171 | D:2      | Found a glowing golden altar of the Shining One.
  1172 | D:2      | Found a glowing silver altar of Zin.
  1174 | D:2      | Found a white marble altar of Elyvilon.
  1497 | D:3      | Reached XP level 5. HP: 13/38 MP: 5/5
  1527 | D:3      | Slain by a worm

Skill      XL: |  1  2  3 |
---------------+----------+-----
Stealth        | 6 7 |  7.9
Fighting       | 2 |  2.3
Dodging        | 2 |  2.6
Short Blades   | |  2.9
Throwing       | |  1.5
Shields        | |  0.9

Action                   |  1- 3 |  4- 6 || total
-------------------------+-------+-------++-------
Melee: Dagger            |   104 |    73 ||   177
       Bite              |    10 |    10 ||    20
 Stab: Sleeping          |     8 |     5 ||    13
  Eat: Corpse            |     6 |     2 ||     8
Armor: Robe              |    26 |     6 ||    32
Dodge: Dodged            |    52 |    41 ||    93
Block: Buckler           |     6 |    16 ||    22
